Map: [ESL] Hecate

Players

eGGz

  • Race: Zerg Zerg
  • Spawn Location: 7:00

Future - Winner!

  • Race: Terran Terran
  • Spawn Location: 1:00

Event: ESL SC2 Masters 2023 Winter (Regional)

VOD

Have the link to the VOD?

Description

Time

  • Played on: Nov. 1, 2023, 5:16 p.m.
  • Length: 11:54

All games in this series

Show
View Real Time Build Order
Export as new Build Order

eGGz Zerg 

Build Orders: Pool First 

Get SALT Encoding   

  12  0:00  Drone  
  13  0:12  Overlord  
  13  0:16  Drone  
  14  0:31  Drone x2  
  16  0:41  Spawning Pool  
  15  0:44  Drone  
  16  0:50  Drone  
  17  1:05  Drone  
  18  1:17  Drone  
  19  1:21  Hatchery  
  18  1:28  Zergling x4  
  18  1:32  Extractor  
  19  1:33  Queen  
  21  1:41  Overlord  
  21  1:53  Drone  
  22  1:57  Roach Warren  
  22  2:00  Drone  
  22  2:14  Drone  
  22  2:33  Queen  
  22  2:34  Drone  
  25  2:39  Roach x2  
  25  2:43  Queen  
  31  2:45  Roach  
  31  2:48  Overlord  
  33  2:51  Drone  
  33  2:55  Drone  
  35  3:07  Drone x2  
  35  3:08  Drone x2  
  35  3:10  Drone  
  40  3:17  Metabolic Boost  
  40  3:20  Drone  
  40  3:23  Overlord  
  41  3:38  Hatchery  
  40  3:42  Drone x3  
  40  3:45  Drone  
  40  3:47  Drone  
  45  3:49  Drone  
  46  3:57  Drone x2  
  46  3:58  Drone x2  
  46  3:59  Drone  
  51  4:03  Overlord  
  51  4:15  Overlord  
  51  4:18  Overlord  
  51  4:19  Overlord  
  51  4:21  Overlord  
  51  4:23  Drone x4  
  55  4:26  Drone  
  56  4:32  Drone  
  56  4:34  Drone  
  56  4:37  Queen  
  60  4:38  Extractor  
  60  4:42  Drone  
  60  4:44  Drone  
  61  4:53  Drone x2  
  61  4:54  Zergling x2  
  61  4:55  Zergling x8  
  68  5:01  Drone, Lair  
  68  5:02  Drone  
  70  5:09  Overlord  
  70  5:10  Drone  
  71  5:17  Zergling x4  
  71  5:18  Zergling x2  
  70  5:22  Zergling x2  
  70  5:28  Zergling x4  
  70  5:31  Zergling x6, Queen  
  75  5:39  Overlord  
  75  5:40  Drone  
  75  5:41  Queen, Overlord  
  78  5:45  Drone x3  
  78  5:46  Hatchery  
  78  5:49  Overlord x2  
  80  5:53  Zergling x2  
  80  5:55  Baneling Nest  
  81  5:57  Roach x3  
  81  6:01  Roach  
  87  6:06  Roach x4  
  87  6:07  Queen  
  87  6:09  Zergling x2  
  98  6:12  Zergling x8  
  101  6:19  Roach  
  103  6:31  Zergling x8  
  95  6:35  Zergling x6  
  95  6:36  Zergling x6  
  97  6:41  Centrifugal Hooks  
  97  6:43  Baneling x3  
  97  6:44  Drone, Overlord  
  97  6:45  Overlord  
  98  6:57  Overlord  
  98  6:58  Drone, Queen x2  
  98  6:59  Overlord  
  103  7:02  Drone  
  103  7:03  Drone x5, Evolution Chamber  
  103  7:04  Evolution Chamber  
  103  7:07  Baneling x3  
  107  7:10  Drone  
  107  7:13  Zergling x4  
  110  7:16  Zergling x2  
  110  7:17  Zergling x12  
  117  7:24  Extractor  
  117  7:25  Spore Crawler  
  117  7:26  Extractor  
  117  7:28  Zergling x8  
  118  7:33  Baneling x4  
  118  7:35  Zergling x12  
  124  7:41  Baneling x6  
  122  7:49  Zergling x8  
  122  7:56  Zergling x12  
  122  7:58  Zergling x12  
  127  8:00  Baneling x4  
  127  8:01  Queen  
  128  8:14  Zergling x12  
  128  8:16  Hatchery  
  128  8:19  Zergling x4  
  117  8:28  Zergling x6  
  117  8:29  Zerg Ground Armor Level 1  
  117  8:30  Zergling x2  
  117  8:34  Zergling x10  
  119  8:40  Zergling x4  
  119  8:41  Zergling x4  
  114  8:43  Zergling x2  
  114  8:47  Zergling x2  
  114  8:48  Zerg Melee Weapons Level 1  
  108  8:52  Zergling x4  
  103  8:57  Zergling x4  
  103  8:58  Queen  
  107  9:03  Baneling x4  
  107  9:05  Zergling x6  
  107  9:09  Zergling x2  
  110  9:10  Zergling x2  
  110  9:15  Baneling x2  
  110  9:16  Baneling  
  107  9:19  Zergling x6  
  110  9:24  Zergling x8  
  110  9:25  Zergling x6  
  110  9:26  Zergling x6  
  110  9:28  Zergling x4  
  122  9:33  Zergling x8  
  121  9:43  Baneling x8  
  121  9:47  Zergling x2  
  121  9:48  Zergling x10  
  121  9:50  Zergling x2  
  121  9:51  Zergling x4  
  128  9:53  Zergling x2  
  91  10:09  Zergling x26  
  89  10:15  Zergling x4  
  86  10:23  Zergling x14  
  86  10:24  Queen x2  
  86  10:26  Zergling x4  
  89  10:30  Baneling x6  
  89  10:31  Roach x2  
  93  10:36  Roach  
  93  10:40  Roach x3  
  101  10:46  Hatchery  
  101  10:49  Zergling x2  
  102  10:50  Zergling x2  
  102  10:52  Zergling x4  
  104  10:58  Drone x5  
  109  11:05  Infestation Pit  
  109  11:08  Zergling x6  
  109  11:10  Baneling x5  
  111  11:14  Zergling x10  
  111  11:15  Zergling x2  
Show
View Real Time Build Order
Export as new Build Order

Future Terran - Winner!

Build Orders: Reaper Expand 

Get SALT Encoding   

  12  0:00  SCV  
  13  0:12  SCV  
  14  0:17  Supply Depot  
  14  0:24  SCV  
  15  0:36  Engineering Bay  
  15  0:39  SCV  
  16  0:50  Barracks  
  16  0:55  Refinery  
  16  0:59  SCV  
  17  1:12  SCV  
  18  1:24  SCV  
  19  1:37  Orbital Command  
  19  1:39  Reaper  
  20  1:53  Command Center  
  20  2:03  SCV  
  21  2:10  Supply Depot  
  21  2:11  Barracks Reactor  
  21  2:15  SCV  
  22  2:21  Barracks  
  22  2:27  SCV  
  23  2:30  Bunker  
  23  2:35  Factory  
  23  2:39  SCV  
  23  2:42  Refinery  
  24  2:48  Marine  
  24  2:49  Marine  
  26  2:51  SCV  
  27  3:03  SCV  
  28  3:05  Marine  
  28  3:06  Orbital Command  
  28  3:07  Marine  
  28  3:09  Barracks Tech Lab  
  30  3:15  SCV  
  31  3:21  Starport  
  31  3:25  Marine  
  31  3:26  Marine  
  33  3:32  Marine  
  33  3:34  Stimpack  
  34  3:37  SCV  
  35  3:44  Cyclone  
  35  3:47  Marine x2  
  39  3:52  SCV  
  39  3:53  SCV  
  41  4:03  Supply Depot  
  41  4:04  SCV  
  41  4:05  SCV  
  41  4:06  Medivac  
  41  4:09  Marine  
  46  4:23  Factory Reactor  
  46  4:25  Supply Depot, SCV x2, Marine x2  
  50  4:32  Marine  
  50  4:37  SCV x2  
  53  4:44  Marine  
  54  4:45  Supply Depot  
  54  4:47  Marine  
  54  4:49  SCV x2  
  54  4:50  Marine  
  58  4:53  Supply Depot  
  58  5:01  SCV x2  
  58  5:04  Marine  
  58  5:05  Factory Tech Lab  
  60  5:08  Marine  
  60  5:09  Refinery, Supply Depot, Engineering Bay  
  60  5:10  Medivac x2  
  60  5:13  SCV x2  
  67  5:14  Marine  
  68  5:23  Marine  
  68  5:24  Siege Tank  
  68  5:25  Marine  
  68  5:26  SCV  
  73  5:31  SCV  
  73  5:32  Marine  
  75  5:38  SCV  
  75  5:41  Refinery  
  75  5:42  Combat Shield  
  76  5:43  Supply Depot  
  76  5:44  SCV  
  76  5:47  Barracks  
  77  5:50  SCV, Marine x2  
  77  5:51  Marine  
  77  5:56  SCV  
  82  5:58  Siege Tank  
  82  6:00  Starport Reactor  
  82  6:03  SCV  
  86  6:04  Supply Depot  
  86  6:06  Supply Depot  
  86  6:08  SCV  
  87  6:11  Supply Depot  
  87  6:14  Marine x2  
  87  6:15  SCV  
  87  6:16  Marine  
  88  6:22  SCV  
  89  6:30  Siege Tank  
  89  6:31  Marine x2  
  90  6:34  Marine  
  90  6:39  Terran Infantry Weapons Level 1  
  78  6:41  Medivac, Marine x2  
  82  6:49  Marine x2  
  82  6:51  Supply Depot  
  82  6:52  Marine  
  85  6:58  Marine  
  85  6:59  Command Center  
  86  7:03  Siege Tank  
  86  7:08  Marine x3  
  91  7:09  Marine  
  93  7:16  Marine, Medivac  
  93  7:17  Medivac  
  98  7:26  Marine x3  
  98  7:29  Barracks  
  101  7:32  Barracks  
  101  7:34  Marine, Marauder  
  101  7:35  Siege Tank  
  107  7:39  SCV x2  
  107  7:43  Marine  
  110  7:46  Marine  
  110  7:47  Marine  
  109  7:52  Marine  
  109  7:54  SCV  
  109  7:55  SCV  
  109  7:57  Medivac x2  
  115  7:59  Marine  
  115  8:01  Marine  
  115  8:04  Marine x2  
  119  8:06  SCV, Supply Depot x2  
  119  8:07  Siege Tank, SCV  
  119  8:10  Marine  
  119  8:11  Orbital Command  
  125  8:17  Marine  
  125  8:26  Marine  
  116  8:27  Marine  
  116  8:29  SCV x2  
  116  8:30  Marine  
  116  8:32  Marine  
  116  8:33  Terran Infantry Armor Level 1  
  121  8:39  Siege Tank  
  120  8:44  Marine x2  
  120  8:45  Marine  
  120  8:48  Marine  
  101  8:51  Marine  
  101  8:54  Barracks Reactor x2  
  103  8:56  SCV  
  103  8:57  Orbital Command  
  103  9:02  Marauder, Marine  
  107  9:03  Marine  
  107  9:06  Marine  
  107  9:07  Armory  
  107  9:08  Engineering Bay  
  109  9:11  Marine  
  109  9:12  Siege Tank  
  109  9:15  Medivac  
  116  9:17  Medivac  
  116  9:20  Marine  
  116  9:21  Marine  
  117  9:24  SCV x3  
  117  9:25  Bunker, Marine  
  117  9:26  Concussive Shells, Marauder  
  117  9:29  Marine  
  124  9:33  Marine  
  124  9:34  Factory, Marine  
  126  9:42  Marine x2  
  126  9:43  Marine  
  126  9:44  Marine x2  
  131  9:46  Marine  
  131  9:47  Marauder  
  131  9:49  Siege Tank  
  131  9:52  Marine x2  
  122  10:00  Marine x2  
  122  10:01  Marine  
  122  10:02  Marine x2  
  122  10:04  Marine  
  116  10:08  Marauder  
  116  10:10  Marine x2  
  116  10:11  Medivac  
  116  10:12  Medivac  
  112  10:18  Marine x2, Refinery  
  112  10:19  Marine x2, Refinery  
  112  10:20  Marine  
  113  10:22  Marine  
  113  10:27  Marine  
  113  10:28  Marine  
  114  10:29  Marine  
  114  10:31  Siege Tank  
  118  10:36  Marine x2  
  118  10:37  Marine  
  118  10:40  Marine  
  118  10:41  SCV x3  
  125  10:47  Command Center  
  125  10:48  Marine  
  125  10:49  Marine  
  127  10:50  Marine x2  
  129  10:59  SCV x2  
  129  11:02  SCV  
  132  11:07  Siege Tank  
  132  11:08  Marine  
  132  11:10  Marine  
  137  11:12  Marine, Marauder  
  137  11:13  Supply Depot x2  
  137  11:14  SCV x2  
  137  11:17  Supply Depot  
  142  11:20  Marine  
  142  11:23  Factory Reactor  
  143  11:29  Marine  
  143  11:32  Marine  
  138  11:33  Marine  
  138  11:34  Marine x3  
  138  11:35  Marine  
Tags
 
Add a new tag
Caveats
  • Supply blocks, unpowered buildings, or Contaminate may cause inaccurate times.
  • Supply counts are checked every 10 seconds.